 Dungeon Crawl Stone Soup version 0.32-a0-711-g016ad743e0 (webtiles) character file.

Game seed: 12105423220193092106

3343 IdlyInterested the Slicer (level 9, -1/69 HPs)
             Began as a Demonspawn Gladiator on Mar 13, 2024.
             Slain by a redback (9 damage)
             ... on level 6 of the Dungeon on Mar 15, 2024.
             The game lasted 00:28:14 (6822 turns).

IdlyInterested the Slicer (Demonspawn Gladiator)    Turns: 6822, Time: 00:28:15

Health: -1/69      AC: 16    Str: 14    XL:     9   Next: 72%
Magic:  13/13      EV:  7    Int: 10    God:
Gold:   295        SH:  0    Dex: 18    Spells: 13/13 levels left

rFire   . . .        H - +4 whip (vamp)
rCold   + . .        (no shield)
rNeg    . . .        K - +3 chain mail of the Wilderness {Will+ Str-3 Dex+3}
rPois   .            c - +0 helmet
rElec   .            (no cloak)
rCorr   .            (no gloves)
SInv    .            (no boots)
Will    +....        (no amulet) Stlth
                     (no ring)
HPRegen 0.31/turn    (no ring)
MPRegen 0.13/turn

%: no passive effects
@: lethally poisoned (-1 -> -31)
A: molten scales 2, demonic guardian 3, demonic magic 1, talons 1, cold
resistance 1, sense surroundings 1, robust 1
a: no special abilities


You were on level 6 of the Dungeon.
You visited 2 branches of the dungeon, and saw 7 of its levels.
You also visited: Sewer and Ossuary.

You collected 295 gold pieces.

Inventory:

Hand Weapons
 a - a +4 trident
 k - a +2 whip of electrocution
 m - a +0 dagger
 o - a +0 rapier
 D - a +0 scimitar
 H - a +4 vampiric whip (weapon)
 L - a +0 short sword
 M - a +0 rapier
Missiles
 d - 6 throwing nets
 e - a javelin
 p - 32 stones (quivered)
 t - 8 poisoned darts
 y - 6 boomerangs
Armour
 b - a +0 leather armour
 c - a +0 helmet (worn)
 u - a +0 ring mail
 x - a +0 chain mail
 z - a +0 scale mail
 A - a +0 pair of boots
 K - the +3 chain mail of the Wilderness (worn) {Will+ Str-3 Dex+3}
   (You found it on level 5 of the Dungeon)

   Str-3:     It affects your strength (-3).
   Dex+3:     It affects your dexterity (+3).
   Will+:     It increases your willpower.
Magical Staves
 I - a staff of air
Jewellery
 g - the amulet "Gitoles" {Faith Harm Int-5 Dex+5}
   (You found it on level 4 of the Dungeon)

   [amulet of faith]

   Faith:     It allows you to gain divine favour quickly.
   Int-5:     It affects your intelligence (-5).
   Dex+5:     It affects your dexterity (+5).
   Harm:      It increases damage dealt and taken.
Scrolls
 l - 2 scrolls of amnesia
 n - 5 scrolls of teleportation
 q - a scroll of immolation {unknown}
 r - 3 scrolls of enchant armour
 s - a scroll of fear
 v - a scroll of enchant weapon
 E - a scroll of vulnerability
 G - a scroll of acquirement
 J - a scroll of fog
Potions
 f - 3 potions of curing
 h - 2 potions of haste
 i - a potion of attraction
 j - 2 potions of might
 w - a potion of brilliance {unknown}
 B - 5 potions of cancellation


   Skills:
 - Level 3.0 Fighting
 * Level 8.8(9.0) Short Blades
 - Level 2.8(6.2) Long Blades
 - Level 5.3 Maces & Flails
 - Level 3.0 Throwing
 - Level 3.0 Armour
 - Level 3.0 Dodging
 - Level 3.0 Stealth
 - Level 3.0 Unarmed Combat
 + Level 2.6 Spellcasting


You had 13 spell levels left.
You didn't know any spells.
Your spell library contained the following spells:

 Spells                   Type           Power      Damage    Failure   Level
 Slow                     Hex            4%         N/A       99%         1
 Summon Small Mammal      Summ           4%         N/A       99%         1
 Blink                    Tloc           2%         N/A       100%        2
 Ensorcelled Hibernation  Hex/Ice        2%         N/A       100%        2
 Lesser Beckoning         Tloc           2%         N/A       100%        2
 Momentum Strike          Conj/Tloc      2%         3d8       100%        2
 Call Canine Familiar     Summ           1%         N/A       100%        3
 Confusing Touch          Hex            1%         N/A       100%        3
 Frozen Ramparts          Ice            2%         1d1       100%        3
 Ozocubu's Armour         Ice            1%         N/A       100%        3
 Passwall                 Erth           1%         N/A       100%        3
 Swiftness                Air            1%         N/A       100%        3
 Vampiric Draining        Necr           1%         2d6       100%        3
 Summon Blazeheart Golem  Fire/Summ      1%         N/A       100%        4
 Metabolic Englaciation   Hex/Ice        0%         N/A       100%        5


Dungeon Overview and Level Annotations

Branches:
Dungeon (6/15)             Temple (1/1) D:4           Sewer (visited)
Ossuary (visited)

Altars:
Cheibriados
Dithmenos
Fedhas
Gozag
Hepliaklqana
Okawaru
Qazlal
Ru
Sif Muna
Trog
Uskayaw
Vehumet
Xom

Annotations:
D:6 2 runed translucent doors


Innate Abilities, Weirdness & Mutations

You are mostly covered in molten scales. (AC +3)
A powerful demonic guardian rushes to your aid.
Spells you cast may paralyse adjacent enemies.
You have sharp toenails.
Your flesh is cold resistant. (rC+)
You passively map a small area around you.
You are robust. (+10% HP)


Message History

The redback bites you but does no damage.
You whack the redback!
You feel better.
You kill the redback!
You feel very sick.
You barely miss the adder. Your kick misses the adder.
You feel very sick.
You completely miss the redback. You claw the redback.
The redback is lightly wounded.
You feel very sick.
The redback bites you but does no damage.
You barely miss the redback. Your kick misses the redback.
The redback is lightly wounded.
You feel sick.
The redback bites you but does no damage.
You hit the redback.
You feel better.
The redback is lightly wounded.
You feel sick. The redback bites you.
The redback bites you but does no damage.
You barely miss the redback. You claw the redback.
The redback is moderately wounded.
You feel sick. The redback bites you.
You closely miss the redback. You claw the redback.
The redback is moderately wounded.
You feel sick. The redback barely misses you.
You hit the redback.
You feel better.
The redback is heavily wounded.
You feel sick.
The redback bites you but does no damage. x2
You closely miss the redback. You claw the redback, but do no damage.
The redback is moderately wounded.
You feel sick. The redback bites you!
* * * LOW HITPOINT WARNING * * *
You are lethally poisoned!
The redback poisons you!
You hit the redback.
You feel better.
Your kick misses the redback.
The redback is moderately wounded.
* * * LOW HITPOINT WARNING * * *
You feel extremely sick. The redback bites you!
You die...

#...........#......#.# ###
#..................#.#####..
#...........######..........
#..........##....##..##.....
#..........#.....+##..#....#
#.....)...##s....#y##...##.#
#....))...#sss..##.y###.....
#######...###S###yyyyy####..
##...@ss/$#yyyyyy+)###
#..###'###yy.y.####..
#..#s....##..###....#
#..##S....#y##...####
#...#.....+##..###
#...##....##..##
#.#..######..##
#............#
##########...#


You could see 2 redbacks, 6 killer bees and an adder.

Vanquished Creatures
  Sigmund (D:3)
  2 redbacks (D:6)
  3 water moccasins (D:6)
  Pargi (Sewer)
  A black bear (D:5)
  2 ogres
  2 phantoms
  A bullfrog (D:6)
  A kobold brigand (D:5)
  8 scorpions
  3 water moccasin zombies (Ossuary)
  A burial acolyte (Ossuary)
  A bombardier beetle (D:3)
  A jelly (D:4)
  2 spectral scorpions (Ossuary)
  2 sleepcaps
  2 gnoll boudas (D:6)
  Terence (D:3)
  3 orc wizards
  Natasha (thrice) (D:3)
  3 iguanas
  2 mummies (Ossuary)
  14 gnolls
  2 adders
  2 ufetubi (D:6)
  2 adder zombies (Ossuary)
  2 dart slugs
  A ribbon worm (D:2)
  24 orcs
  6 endoplasms
  6 giant cockroaches
  3 goblins
  6 hobgoblins
  11 jackals
  12 kobolds
  A quokka (D:1)
  3 ball pythons
  6 bats
  3 frilled lizards
  10 gnoll zombies (Ossuary)
  2 jackal zombies (Ossuary)
  7 orc zombies (Ossuary)
  2 rats (D:3)
171 creatures vanquished.

Vanquished Creatures (collateral kills)
  Prince Ribbit (D:6)
  2 brain worms (Sewer)
  A gnoll bouda (D:5)
  An iguana (D:5)
  2 adders
  7 gnolls
  An adder zombie (Ossuary)
  A gnoll zombie (Ossuary)
16 creatures vanquished.

Grand Total: 187 creatures vanquished

Notes
Turn   | Place    | Note
-------+----------+-------------------------------------------
     0 | D:1      | IdlyInterested the Demonspawn Gladiator began the quest for
                  | the Orb.
     0 | D:1      | Reached XP level 1. HP: 16/16 MP: 1/1
   825 | D:2      | Reached skill level 1 in Stealth
   857 | D:2      | Gained mutation: You are partially covered in molten
                  | scales. (AC +2) [demonic ancestry]
   857 | D:2      | Reached XP level 2. HP: 22/22 MP: 2/2
   902 | D:2      | Reached skill level 1 in Maces & Flails
  1225 | D:2      | Gained mutation: A weak demonic guardian rushes to your
                  | aid. [demonic ancestry]
  1225 | D:2      | Reached XP level 3. HP: 21/27 MP: 3/3
  1511 | D:3      | Noticed Natasha
  1521 | D:3      | Killed Natasha
  1634 | D:3      | Noticed Terence
  1652 | D:3      | Killed Terence
  1653 | D:3      | Reached skill level 1 in Armour
  1653 | D:3      | Gained mutation: A demonic guardian rushes to your aid.
                  | [demonic ancestry]
  1653 | D:3      | Reached XP level 4. HP: 20/33 MP: 4/4
  2113 | D:3      | Noticed Sigmund
  2120 | D:3      | Killed Sigmund
  2121 | D:3      | Reached XP level 5. HP: 31/38 MP: 5/5
  2121 | D:3      | Gained mutation: A powerful demonic guardian rushes to your
                  | aid. [demonic ancestry]
  2121 | D:3      | Reached XP level 6. HP: 36/44 MP: 6/6
  2313 | D:3      | Noticed Natasha
  2322 | D:3      | Killed Natasha
  2555 | D:3      | Noticed Natasha
  2562 | D:3      | Killed Natasha
  2723 | D:4      | Identified the amulet "Gitoles" {Faith Harm Int-5 Dex+5}
  2916 | D:4      | Reached skill level 5 in Maces & Flails
  2959 | D:4      | Gained mutation: Spells you cast may paralyse adjacent
                  | enemies. [demonic ancestry]
  2959 | D:4      | Reached XP level 7. HP: 31/52 MP: 7/7
  2977 | D:4      | Reached skill level 1 in Short Blades
  3256 | D:4      | Reached skill level 1 in Unarmed Combat
  3469 | D:4      | Found a staircase to the Ecumenical Temple.
  3477 | Temple   | Entered the Ecumenical Temple
  3548 | D:4      | Found a hide-covered altar of Uskayaw.
  3841 | D:5      | Entered Level 5 of the Dungeon
  3847 | D:5      | Reached skill level 2 in Short Blades
  3943 | D:5      | Found a glowing drain.
  3959 | Sewer    | Entered a sewer
  4029 | Sewer    | Upgraded the game from 0.32-a0-699-g1ee5eff69a to
                  | 0.32-a0-711-g016ad743e0
  4044 | Sewer    | Reached skill level 3 in Short Blades
  4074 | Sewer    | Noticed Pargi
  4077 | Sewer    | Killed Pargi
  4106 | D:5      | Gained mutation: You are mostly covered in molten scales.
                  | (AC +3) [demonic ancestry]
  4106 | D:5      | Reached XP level 8. HP: 31/58 MP: 8/8
  4134 | D:5      | Reached skill level 4 in Short Blades
  4277 | D:5      | Found a sand-covered staircase.
  4285 | Ossuary  | Entered an ossuary
  4338 | Ossuary  | Reached skill level 5 in Short Blades
  4677 | D:5      | Identified the +3 chain mail of the Wilderness {Will+ Str-3
                  | Dex+3}
  5186 | D:5      | Reached skill level 6 in Short Blades
  5713 | D:5      | Identified a scroll of acquirement
  5716 | D:5      | Gained mutation: You are frail. (-10% HP) [potion of
                  | mutation]
  5716 | D:5      | Gained mutation: You occasionally lose the ability to drink
                  | potions when taking damage. [potion of mutation]
  5721 | D:5      | Lost mutation: You occasionally lose the ability to drink
                  | potions when taking damage. [potion of mutation]
  5721 | D:5      | Lost mutation: You are frail. (-10% HP) [potion of
                  | mutation]
  5721 | D:5      | Gained mutation: You are robust. (+10% HP) [potion of
                  | mutation]
  5721 | D:5      | Gained mutation: You passively map a small area around you.
                  | [potion of mutation]
  5721 | D:5      | Gained mutation: Your flesh is cold resistant. (rC+)
                  | [potion of mutation]
  5721 | D:5      | Gained mutation: You have sharp toenails. [potion of
                  | mutation]
  5763 | D:6      | Noticed Prince Ribbit
  5791 | D:6      | Killed Prince Ribbit
  5792 | D:6      | Reached XP level 9. HP: 23/69 MP: 9/9
  6057 | D:6      | Reached skill level 7 in Short Blades
  6180 | D:6      | Found the +9 staff of Olgreb {rPois∞}
  6184 | D:6      | Found a runed translucent door.
  6191 | D:6      | Found a runed translucent gate.
  6191 | D:6      | Found a runed translucent gate.
  6192 | D:6      | Found a runed translucent door.
  6205 | D:6      | Found a runed translucent gate.
  6754 | D:6      | Reached skill level 8 in Short Blades
  6754 | D:6      | Reached skill level 1 in Spellcasting
  6822 | D:6      | Slain by a redback

Illustrated notes

Levels and vault maps discovered:
D:1:      shiori_arrival_elements, layout_basic
D:2:      layout_loops_ring, minmay_misc_feat_hallway,
          ebering_dispersal_statue_hall
D:3:      layout_loops_corners, mainiacjoe_overflow_tiny_flanked,
          chequers_garden, uniq_terence, uniq_sigmund, uniq_natasha
D:4:      layout_basic, eat_drink_and_be_merry_uskayaw,
          minmay_temple_entry_ruins
D:5:      nicolae_cairo_tiling_large, layout_layer_cave, elyvilon_altar_3,
          nicolae_ossuary_entry_ruins, cheibrodos_sewer_entry_drain
D:6:      layout_basic, minivault_23, minmay_guarded_unrand_staff_of_olgreb,
          uniq_prince_ribbit1
Temple:   nicolae_temple_bog_church

Skill      XL: |  1  2  3  4  5  6  7  8  9 |
---------------+----------------------------+-----
Stealth        | 1 2 3 |  3.0
Maces & Flails | 1 2 4 5 |  5.3
Armour         | 1 2 3 |  3.0
Throwing       | 2 3 |  3.0
Fighting       | 3 |  3.0
Short Blades   | 3 6 8 |  8.8
Unarmed Combat | 2 3 |  3.0
Dodging        | 3 |  3.0
Spellcasting   | 2 |  2.6
Long Blades    | |  2.8

Action                     |  1- 3 |  4- 6 |  7- 9 || total
---------------------------+-------+-------+-------++-------
  Melee: Whip              |    94 |    94 |   482 ||   670
         Long sword        |     4 |       |       ||     4
         Kick              |       |       |    83 ||    83
  Throw: Stone             |    12 |    10 |    17 ||    39
         Boomerang         |       |     2 |       ||     2
         Dart              |       |     1 |       ||     1
    Use: Scroll            |     4 |       |     5 ||     9
         Potion            |     1 |     2 |     7 ||    10
   Stab: Sleeping          |     4 |       |       ||     4
         Distracted        |       |       |     1 ||     1
 Armour: Leather armour    |    23 |       |       ||    23
         Ring mail         |    16 |       |       ||    16
         Chain mail        |       |    67 |   394 ||   461
  Dodge: Dodged            |    50 |    31 |   178 ||   259

Table legend: (Time is in decaauts)
 A = Elapsed time spent in this place.
 B = Non-inter-level travel time spent in this place.
 C = Inter-level travel time spent in this place.
 D = Time resting spent in this place.
 E = Time spent auto-exploring this place.
 F = Levels seen in this place.
 G = Mean time per level.
                   A        B        C        D        E       F      G
               +--------+--------+--------+--------+--------+-----+--------+
         Total |   6722 |   6085 |    637 |    291 |   4196 |   9 |  746.9 |
       Dungeon |   6400 |   5763 |    637 |    291 |   4196 |   6 | 1066.7 |
        Temple |      1 |      1 |      0 |      0 |      0 |   1 |    1.0 |
         Sewer |    133 |    133 |      0 |      0 |      0 |   1 |  133.0 |
       Ossuary |    186 |    186 |      0 |      0 |      0 |   1 |  186.0 |
               +--------+--------+--------+--------+--------+-----+--------+

Top non-repeatable levels by time:
     D:5: 1500 daAuts
     D:3: 1216 daAuts
     D:4: 1161 daAuts
     D:6: 1027 daAuts
     D:1: 787 daAuts
     D:2: 707 daAuts
 Ossuary: 186 daAuts
   Sewer: 133 daAuts
  Temple: 1 daAuts
